Unix NetHack Version 5.0.0-0 post-release - last build May 10 2026 23:12:36 (d1fa5d53e341ca933230fdaa984d921c805b60aa,branch:main).

Game began 2026-05-13 20:45:17, ended 2026-05-13 23:12:47.

BaeHund, chaotic male human Monk

                                                              ----------
                                                             #-...u....|
                                                             #|........|
                                                             #|........|
                                                        ###### ----.----
                                                    #####          #
                                               .|####              #
                                         .%%   ..######            #
                                         -.-   --     ##           #
                                          #@T###########0          #
                                                                   #
                                                                -.-|-
                                                                |...|
                                                                |...|
                                                                |.<.|
                                                                ....|
                                                                -----

BaeHund the Initiate            St:18/02 Dx:12 Co:16 In:10 Wi:16 Ch:10  Chaotic
Dlvl:13 $:899 HP:0(83) Pw:17(39) AC:1  Xp:9 T:6658  Hungry  

Latest messages:
 The ogre queen swings her mace.
 The ogre queen hits!
 You hit the ogre queen!
 You hit the ogre queen!
 The ogre queen swings her mace.
 The ogre queen hits!
 You kill the ogre queen!
 The hobgoblin picks up a club.
 You kill the hobgoblin!
 The Uruk-hai picks up an orcish helm.
 You hit the Uruk-hai!
 The Uruk-hai turns to flee.
 You kill the Uruk-hai!
 There are several objects here.
 The hobgoblin swings her curved sword.
 The hobgoblin hits!
 You kill the hobgoblin!
 You are beginning to feel hungry.
 In what direction? .
 You feel better.
 The goblin picks up a sky blue potion.
 The crude dagger hits the goblin.
 The goblin staggers from your powerful strike!
 You kill the goblin!
 The bugbear picks up a sky blue potion.
 You kill the bugbear!
 The hobgoblin picks up a bag.
 You kill the hobgoblin!
 J - a pine wand.
 There are several objects here.
 Your knapsack cannot accommodate any more items.
 You are hit by a vulgar polearm.
 The rock troll picks up an orcish cloak.
 You hit the rock troll!
 The rock troll bashes with her vulgar polearm.
 The rock troll hits!
 The rock troll hits!
 The rock troll bites!
 You hit the rock troll!
 You hit the rock troll!
 The rock troll bashes with her vulgar polearm.
 The rock troll hits!
 The rock troll hits!
 The rock troll bites!
 You die...
 Do you want your possessions identified? [ynq] (y) y
 Do you want to see your attributes? [ynq] (y) y
 Do you want an account of creatures vanquished? [ynaq] (y) y
 Do you want to see your conduct and achievements? [ynq] (y) y
 Do you want to see the dungeon overview? [ynq] (y) y

Inventory:
 Coins    ('$')
  $ - 899 gold pieces
 Amulets  ('"')
  i - an uncursed amulet of life saving
  Y - an uncursed amulet of reflection (being worn)
 Armor    ('[')
  n - a cursed +0 elven leather helm (being worn)
  t - a cursed -2 helm of opposite alignment
  Z - an uncursed +1 pair of gauntlets of dexterity
  a - an uncursed +2 pair of leather gloves (being worn)
  P - an uncursed +0 pair of jumping boots
  I - an uncursed +1 pair of water walking boots (being worn)
  b - an uncursed +1 robe (being worn)
  L - a cursed -1 Hawaiian shirt with a parrot motif
 Comestibles  ('%')
  f - 12 uncursed food rations
  W - an uncursed sprig of wolfsbane
  S - an uncursed tripe ration
 Scrolls  ('?')
  r - an uncursed scroll of blank paper
  d - an uncursed scroll of confuse monster
  g - 2 uncursed scrolls of earth
  c - an uncursed scroll of enchant armor
  E - an uncursed scroll of food detection
  M - an uncursed scroll of magic mapping
  k - an uncursed scroll of scare monster
 Spellbooks  ('+')
  C - an uncursed spellbook of charm monster
  v - an uncursed spellbook of slow monster
 Potions  ('!')
  w - 2 blessed potions of extra healing
  R - 2 uncursed potions of extra healing
  A - a blessed potion of fruit juice
  B - a cursed potion of full healing
  x - an uncursed potion of oil
  y - an uncursed potion of restore ability
  N - a potion of holy water
 Rings    ('=')
  H - an uncursed ring of cold resistance
  m - a blessed +1 ring of gain constitution
  p - an uncursed +3 ring of gain strength (on right hand)
  j - a cursed ring of invisibility
  K - a blessed +1 ring of protection
  T - an uncursed ring of regeneration
  h - an uncursed ring of searching
  U - an uncursed ring of warning
 Wands    ('/')
  G - a wand of create monster (0:15)
  J - a wand of fire (0:3)
  O - a wand of light (0:12)
  z - a wand of magic missile (0:3)
  D - a wand of make invisible (0:6)
  X - a wand of make invisible (0:4)
  l - a wand of secret door detection (0:11)
  Q - a wand of speed monster (0:7)
  V - a wand of stasis (0:3)
  o - a wand of striking (0:0)
 Tools    ('(')
  q - a bag of tricks (0:5)
  e - an uncursed skeleton key
  s - a +0 unicorn horn
 Gems/Stones  ('*')
  u - an uncursed luckstone
  F - an uncursed touchstone

BaeHund the Monk's attributes:

Background:
 You were an Initiate, a level 9 male human Monk.
 You were chaotic, nominally on a mission for Huan Ti
 who was opposed by Shan Lai Ching (lawful) and Chih Sung-tzu (neutral).
 You were right-handed.
 You were in the Dungeons of Doom, on level 13.
 You entered the dungeon 6658 turns ago.
 It was nighttime.
 You had 4342 experience points, 778 more were needed to attain level 10.

Basics:
 You had 0 out of 83 hit points.
 You had 17 out of 39 energy points (spell power).
 Your armor class was 1.
 Your wallet contained 899 zorkmids.
 Autopickup was off.

Final Characteristics:
 Your strength was 18/02 (base:17, limit:18/100).
 Your dexterity was 12 (limit:18).
 Your constitution was 16 (limit:18).
 Your intelligence was 10 (limit:18).
 Your wisdom was 16 (limit:18).
 Your charisma was 10 (limit:18).

Final Status:
 You were hungry.
 You were unencumbered.
 You were empty handed.
 You had expert skill with martial arts.

Final Attributes:
 You were piously aligned.
 You were sleep resistant.
 You were poison resistant.
 You saw invisible.
 You were warned.
 You had automatic searching.
 You were stealthy.
 You could walk on water.
 You were guarded.
 Your spell casting was enhanced by wearing a robe.
 You were fast.
 You had reflection.
 You were lucky.
 You had extra luck.
 Bad luck did not time out for you.
 Good luck did not time out for you.
 You are dead.

Miscellaneous:
 You didn't encounter any bones levels.
 Total elapsed playing time was 2 hours, 5 minutes and 33 seconds.

Major events:
 Turn
    1: BaeHund the chaotic male human Monk entered the dungeon
  810: attained the rank of Novice (level 3)
 1905: entered Sokoban
 2189: entered the Gnomish Mines
 2300: attained the rank of Initiate (level 6)
 2484: reached Mine Town
 3129: completed 1st Sokoban level
 3405: completed 2nd Sokoban level
 3703: completed 3rd Sokoban level
 4471: completed 4th Sokoban level
 4727: acquired the Sokoban amulet of reflection
 6501: entered Home 1, the Quest
 6658: killed by a rock troll

Spells:
 Name                 Level Category     Fail Retention
 healing                1   healing        0%   61%-70%
 slow monster           2   enchantment    0%  76%-100%
 cure blindness         2   healing        0%  91%-100%

Skills:
 Fighting Skills
   martial arts       [Expert]
 Weapon Skills
   quarterstaff       [Unskilled]
   spear              [Unskilled]
   crossbow           [Unskilled]
   shuriken           [Unskilled]
 Spellcasting Skills
   attack spells      [Unskilled]
   healing spells     [Basic]
   divination spells  [Unskilled]
   enchantment spells [Unskilled]
   clerical spells    [Unskilled]
   escape spells      [Unskilled]
   matter spells      [Unskilled]

Voluntary challenges:
 Character rerolling was not enabled.
 You were an atheist.
 You never hit with a wielded weapon.
 You never genocided any monsters.
 You never polymorphed an object.
 You never changed form.
 You used no wishes.
 You did not violate any of the special Sokoban rules.
Achievements:
 You entered a shop.
 You attained the rank of Novice.
 You entered Sokoban.
 You entered the Gnomish Mines.
 You attained the rank of Initiate.
 You entered Minetown.
 You completed Sokoban.

 The Dungeons of Doom: levels 1 to 13
    Level 1:
    Level 2:
       A scroll shop.
       Stairs down to The Gnomish Mines.
    Level 3:
       A general store, many fountains.
    Level 4:
       A sink.
    Level 5:
       Many fountains.
    Level 6:
       A general store.
       Stairs up to Sokoban, level 5.
    Level 7:
       An armor shop, a fountain, a grave.
    Level 8:
    Level 9:
    Level 10:
    Level 11:
       Some fountains.
    Level 12:
       Summoned by the Grand Master.
       Portal to The Quest.
    Level 13: <- You were here.
       Final resting place for
          you, killed by a rock troll.
 The Gnomish Mines: levels 3 to 5
    Level 3:
    Level 4:
    Level 5:
       An altar, a fountain.
 The Quest:
    Level 1:
       Many trees.
       Home.
 Sokoban: levels 5 up to 2
    Level 2:
       Solved.
    Level 3:
       Solved.
    Level 4:
       Solved.
    Level 5:
       Solved.


Vanquished creatures:
  2 giant mimics
  a long worm
 an ogre tyrant
  2 water elementals
  a small mimic
  2 glass piercers
  3 trolls
  a large dog
  a freezing sphere
  2 tigers
  2 tengu
 an elf mummy
  2 human mummies
  a wraith
  3 giant beetles
  a quivering blob
  a cockatrice
  a wolf
  a winter wolf cub
  a lynx
 an orc-captain
 an iron piercer
  a mumak
  a giant spider
  a black light
  a gnome ruler
  2 owlbears
  2 Green-elves
  a lizard
  a jaguar
  a white unicorn
  3 dust vortices
  a raven
  a gnome mummy
  2 snakes
  a soldier ant
  3 fire ants
  3 bugbears
  a mountain nymph
 an Uruk-hai
 an orc shaman
  2 rock piercers
  2 rock moles
  2 ponies
  a fog cloud
  a yellow light
  2 shriekers
  5 gnome leaders
  2 gnomish wizards
  2 kobold mummies
  a barrow wight
  3 elf zombies
  2 giant ants
  2 little dogs
  2 floating eyes
  a kitten
  5 dwarves
 11 hill orcs
  4 rothes
  2 centipedes
 an orc zombie
  2 wererats
  a werejackal
  5 iguanas
 an acid blob
  4 coyotes
  2 hobbits
  5 manes
  2 large kobolds
  5 hobgoblins
  a giant rat
  6 cave spiders
  a brown mold
  a yellow mold
  2 green molds
  a red mold
 18 gnomes
  3 garter snakes
  3 gnome zombies
  4 geckos
  2 foxes
  2 kobolds
  4 goblins
  a sewer rat
  4 grid bugs
  8 bats
  4 lichens
  2 kobold zombies
  4 newts
211 creatures vanquished.

No species were genocided or became extinct.

Game over:
                       ----------
                      /          \
                     /    REST    \
                    /      IN      \
                   /     PEACE      \
                  /                  \
                  |     BaeHund      |
                  |      899 Au      |
                  | killed by a rock |
                  |      troll       |
                  |                  |
                  |                  |
                  |       2026       |
                 *|     *  *  *      | *
        _________)/\\_//(\/(/\)/\//\/|_)_______

Goodbye BaeHund the Monk...

You died in The Dungeons of Doom on dungeon level 13 with 18788 points,
and 899 pieces of gold, after 6658 moves.
You were level 9 with a maximum of 83 hit points when you died.

